Map: 이터널 엠파이어 - 래더

Players

Stats

  • Race: Protoss Protoss
  • League: Master
  • Spawn Location: 7:00

Bunny - Winner!

  • Race: Terran Terran
  • Spawn Location: 1:00

Event: StayAtHomestory Cup #2

VOD

Have the link to the VOD?

Description

Time

  • Played on: June 12, 2020, 12:37 p.m.
  • Length: 18:33

All games in this series

Show
View Real Time Build Order
Export as new Build Order

Stats Protoss 

Build Orders: 1 Gate Expand, Blink Stalkers 

Get SALT Encoding   

  12  0:00  Probe  
  13  0:12  Probe  
  14  0:17  Pylon  
  14  0:23  Probe  
  15  0:31  Probe  
  16  0:36  Gateway  
  16  0:39  Probe  
  16  0:45  Assimilator  
  17  0:51  Probe  
  18  1:03  Probe  
  19  1:15  Probe  
  20  1:24  Cybernetics Core  
  20  1:32  Nexus  
  20  1:35  Probe  
  21  1:41  Pylon  
  21  1:47  Assimilator  
  21  1:48  Probe  
  21  1:51  Adept  
  22  2:00  Probe  
  25  2:06  Shield Battery  
  25  2:08  Warp Gate  
  25  2:11  Stalker  
  25  2:13  Probe  
  28  2:25  Probe  
  29  2:32  Twilight Council  
  29  2:37  Probe  
  29  2:40  Probe  
  30  2:50  Probe  
  30  2:51  Probe, Robotics Facility  
  33  3:02  Probe x2  
  35  3:05  Blink  
  35  3:17  Probe x2  
  35  3:21  Gateway  
  35  3:26  Gateway  
  35  3:29  Probe x2  
  37  3:36  Gateway  
  37  3:39  Observer  
  38  3:41  Probe x2  
  38  3:45  Pylon  
  40  3:50  Warp Prism  
  40  3:53  Probe  
  40  3:54  Probe, Pylon  
  42  4:02  Assimilator  
  44  4:04  Shield Battery  
  44  4:09  Probe x2  
  46  4:15  Pylon  
  46  4:22  Stalker x2  
  46  4:23  Stalker  
  52  4:29  Pylon  
  52  4:32  Stalker  
  52  4:33  Observer  
  52  4:35  Observer  
  52  4:37  Probe, Assimilator  
  52  4:38  Probe  
  57  4:42  Pylon  
  57  4:54  Stalker x3  
  57  4:58  Stalker  
  59  5:25  Stalker x4  
  59  5:26  Probe x2  
  59  5:28  Robotics Bay  
  67  5:48  Stalker x4  
  75  5:51  Nexus  
  75  5:55  Pylon  
  75  6:02  Observer  
  68  6:13  Stalker  
  68  6:14  Stalker x2  
  70  6:22  Stalker  
  67  6:28  Probe x2  
  54  6:51  Stalker x2  
  54  6:52  Stalker  
  57  6:57  Stalker  
  57  6:58  Probe  
  57  7:00  Probe  
  59  7:03  Probe  
  59  7:07  Probe  
  61  7:14  Probe  
  51  7:31  Probe x3  
  52  7:39  Probe x3  
  55  7:48  Probe  
  55  7:49  Probe x2  
  58  8:01  Probe x3  
  58  8:02  Dark Shrine  
  61  8:08  Stalker  
  61  8:09  Stalker  
  65  8:13  Probe x3  
  63  8:28  Observer  
  63  8:29  Probe x3  
  62  8:37  Probe x3  
  63  8:42  Stalker  
  63  8:43  Stalker x3  
  63  8:45  Probe x3  
  76  8:57  Probe x2, Shield Battery  
  76  8:58  Probe  
  79  9:04  Colossus  
  79  9:09  Probe x2  
  87  9:10  Probe  
  87  9:11  Stalker x2  
  87  9:14  Stalker  
  92  9:21  Dark Templar  
  94  9:29  Probe x3  
  97  9:39  Pylon  
  97  9:41  Pylon  
  97  9:43  Dark Templar x2  
  101  9:56  Colossus  
  101  9:57  Probe x3  
  104  10:06  Extended Thermal Lance  
  110  10:09  Probe x3, Pylon  
  110  10:10  Pylon  
  110  10:13  Charge  
  109  10:21  Probe x3, Assimilator  
  109  10:22  Assimilator  
  109  10:25  Gateway  
  109  10:27  Gateway  
  112  10:30  Forge  
  112  10:32  Pylon  
  112  10:35  Forge  
  112  10:36  Robotics Facility  
  112  10:49  Colossus  
  110  10:50  Gateway  
  110  10:54  Protoss Ground Weapons Level 1  
  110  10:56  Gateway  
  110  11:00  Sentry, Pylon  
  110  11:01  Sentry x2, Zealot, Protoss Ground Armor Level 1  
  124  11:16  Disruptor  
  124  11:17  Nexus  
  124  11:19  Pylon  
  124  11:21  Pylon, Gateway  
  124  11:22  Gateway  
  127  11:35  Disruptor  
  126  11:47  Zealot x6  
  138  11:55  Disruptor  
  139  12:08  Disruptor  
  139  12:11  Probe x2  
  139  12:12  Probe, Shadow Stride  
  145  12:25  Probe x3  
  148  12:31  Disruptor  
  148  12:32  Zealot x8  
  166  12:47  Protoss Ground Weapons Level 2  
  169  12:58  Protoss Ground Armor Level 2  
  167  12:59  Zealot x4, Dark Templar x2  
  167  13:00  Zealot  
  178  13:09  Observer x2  
  168  13:24  Assimilator  
  168  13:27  Observer  
  168  13:29  Assimilator  
  167  13:36  Dark Templar x2  
  167  13:37  Zealot x4, Dark Templar x3  
  177  13:46  Observer  
  173  13:48  Observer  
  173  13:53  Gravitic Boosters  
  173  14:04  Shield Battery  
  173  14:06  Shield Battery  
  173  14:07  Photon Cannon  
  169  14:12  Pylon  
  169  14:15  Zealot x5  
  179  14:20  Pylon  
  179  14:21  Gateway  
  179  14:22  Pylon  
  179  14:23  Gateway  
  179  14:24  Pylon, Disruptor x2  
  185  14:41  Probe  
  185  14:42  Probe x3  
  189  14:52  Nexus  
  189  14:53  Probe, Pylon  
  189  14:54  Probe x3  
  189  14:57  Cybernetics Core  
  193  15:00  Stargate  
  193  15:03  Observer  
  193  15:09  Protoss Air Weapons Level 1  
  193  15:16  Probe x4  
  192  15:40  Observer x2  
  194  15:46  Fleet Beacon  
  194  15:49  Protoss Air Armor Level 1, Stargate  
  194  15:51  Stargate  
  194  15:52  Shield Battery  
  194  15:54  Shield Battery  
  194  15:55  Shield Battery  
  194  15:57  Stargate, Photon Cannon  
  194  15:58  Photon Cannon  
  194  16:01  Unknown  
  189  16:39  Stalker x3  
  191  16:42  Carrier x3  
  199  16:55  Stargate  
  189  17:03  Zealot x5  
  193  17:30  Stalker x3  
  142  17:57  Dark Templar x7  
  142  17:58  Dark Templar x5  
  140  18:01  Nexus  
Show
View Real Time Build Order
Export as new Build Order

Bunny Terran - Winner!

Build Orders: Banshee Rush 

Get SALT Encoding   

  12  0:00  SCV  
  13  0:13  SCV  
  14  0:17  Supply Depot  
  14  0:25  SCV  
  15  0:38  SCV  
  15  0:40  Barracks  
  16  0:43  Refinery  
  16  0:50  SCV  
  17  1:02  SCV  
  18  1:15  SCV  
  19  1:27  Orbital Command  
  19  1:28  Marine  
  20  1:43  Command Center  
  20  1:51  Factory  
  20  1:55  SCV  
  21  2:03  Barracks Reactor  
  21  2:08  SCV, Supply Depot  
  22  2:12  Refinery  
  22  2:20  SCV  
  23  2:32  SCV  
  24  2:39  Starport  
  24  2:43  Hellion x2  
  28  2:44  SCV  
  29  2:56  Orbital Command  
  30  2:58  SCV  
  30  2:59  Barracks Tech Lab  
  30  3:10  SCV  
  30  3:22  SCV x2  
  30  3:24  Widow Mine  
  30  3:25  Cloaking Field, Banshee  
  37  3:27  Marine x2  
  37  3:31  Supply Depot  
  40  3:34  SCV  
  40  3:36  SCV  
  41  3:48  SCV x2, Factory Tech Lab  
  43  3:49  Marine x2  
  45  3:57  Supply Depot  
  45  4:00  SCV x2  
  47  4:08  Banshee  
  50  4:11  Marine, Siege Tank  
  54  4:18  Marine  
  54  4:19  SCV x2  
  54  4:22  Supply Depot  
  57  4:31  SCV x2  
  59  4:32  Command Center  
  59  4:36  Marine  
  59  4:37  Marine  
  61  4:44  Siege Tank  
  61  4:45  SCV x2  
  65  4:54  Bunker  
  65  4:55  Marine x2  
  65  4:59  Bunker  
  65  5:03  Refinery  
  65  5:04  Refinery  
  66  5:07  SCV x2  
  64  5:18  Marine x2  
  59  5:29  SCV x2, Siege Tank  
  59  5:30  Medivac  
  59  5:34  Barracks  
  59  5:35  Barracks  
  64  5:38  Marine  
  64  5:39  Marine  
  61  5:43  SCV x2  
  63  5:55  SCV x2, Supply Depot x2  
  63  5:56  Marine x2  
  61  6:05  Siege Tank  
  61  6:09  SCV  
  61  6:18  SCV x2  
  63  6:21  Marine x2  
  64  6:30  SCV  
  65  6:37  Siege Tank  
  64  6:42  SCV  
  64  6:43  SCV  
  63  6:51  Stimpack  
  63  6:53  Marine x2  
  62  6:57  SCV  
  62  6:58  SCV  
  64  7:02  Orbital Command  
  64  7:05  Marine  
  64  7:07  Marine  
  66  7:12  SCV x2  
  68  7:19  Marine  
  68  7:20  Marine  
  66  7:23  Marine  
  66  7:25  Marauder  
  66  7:29  SCV  
  67  7:30  SCV  
  67  7:41  Medivac  
  67  7:42  SCV x3  
  72  7:49  Marine x2  
  72  7:50  Factory Reactor, Marauder  
  75  7:54  SCV x3  
  75  7:56  Marauder  
  78  8:01  Engineering Bay  
  78  8:03  Combat Shield  
  78  8:09  SCV x3  
  77  8:20  Marauder x2  
  77  8:21  Marine x2  
  77  8:23  Orbital Command  
  80  8:29  Terran Infantry Weapons Level 1  
  80  8:31  Barracks  
  80  8:32  Barracks  
  74  8:35  SCV x2  
  74  8:39  Medivac x2  
  80  8:43  Concussive Shells  
  80  8:44  Marauder x2, Marine x2  
  80  8:48  SCV, Widow Mine  
  88  8:49  SCV x2  
  91  8:57  Supply Depot  
  91  9:01  SCV x3  
  94  9:06  Marauder x2, Marine x2  
  99  9:12  Widow Mine  
  99  9:16  Medivac  
  101  9:18  Medivac  
  101  9:19  SCV x3  
  101  9:21  Missile Turret  
  101  9:22  Missile Turret  
  98  9:33  Widow Mine  
  98  9:35  SCV x3  
  103  9:40  Barracks Reactor, Barracks Tech Lab  
  103  9:41  Marauder x2, Marine x2  
  103  9:42  Missile Turret  
  109  9:47  Supply Depot  
  108  9:57  SCV x3  
  109  10:08  Missile Turret  
  109  10:10  Marauder  
  109  10:11  Marauder, Marine x2  
  116  10:15  Medivac  
  116  10:16  Barracks Tech Lab  
  116  10:20  Supply Depot  
  116  10:21  Supply Depot x2  
  116  10:24  Missile Turret  
  116  10:27  Factory Reactor  
  116  10:28  Starport  
  116  10:30  Medivac  
  116  10:35  Refinery x2  
  117  10:41  Marine x2  
  117  10:42  Marauder x3  
  124  10:47  Marine x2  
  124  10:49  Viking  
  126  10:58  SCV x2  
  126  10:59  SCV, Marine  
  126  11:02  Supply Depot  
  126  11:03  Viking  
  132  11:05  Terran Infantry Armor Level 1  
  132  11:10  Armory  
  132  11:13  Viking x2  
  132  11:17  SCV  
  132  11:18  SCV x2  
  139  11:21  Viking  
  141  11:27  Marauder x2  
  145  11:35  Command Center  
  143  11:45  Viking x2  
  143  11:46  Viking  
  149  11:51  SCV  
  149  12:00  Ghost Academy  
  149  12:02  Terran Ship Weapons Level 1  
  149  12:11  Supply Depot  
  149  12:12  Viking, SCV x2  
  149  12:15  Viking x2, Supply Depot  
  153  12:17  Supply Depot  
  157  12:25  Supply Depot x2  
  157  12:26  Missile Turret  
  157  12:32  Viking, Ghost  
  157  12:34  Ghost  
  160  12:43  Ghost  
  155  12:49  SCV x2  
  155  12:50  SCV  
  153  13:00  Ghost  
  153  13:02  Ghost  
  154  13:10  Marine  
  154  13:11  Marine x3  
  154  13:12  Ghost  
  151  13:17  SCV x2  
  151  13:18  SCV  
  154  13:29  Ghost  
  154  13:31  Sensor Tower  
  154  13:32  Terran Infantry Weapons Level 2  
  153  13:34  Missile Turret  
  149  13:43  Missile Turret  
  149  13:44  Planetary Fortress  
  149  13:48  SCV x3  
  150  13:50  Marine x4  
  150  13:53  Ghost  
  152  13:56  Ghost  
  152  14:01  Marauder  
  156  14:11  Engineering Bay  
  156  14:14  Refinery x2  
  156  14:17  Marine  
  156  14:18  Marine  
  156  14:19  Marine x2  
  156  14:22  Marauder x2  
  164  14:26  Marauder, Sensor Tower  
  164  14:30  Terran Ship Weapons Level 2  
  166  14:38  Fusion Core  
  166  14:39  Terran Infantry Armor Level 2  
  166  14:44  Marauder x2, Marine  
  171  14:46  Marine  
  171  14:47  Marauder, Marine  
  171  14:49  Marine  
  176  14:53  Liberator  
  178  15:02  Liberator  
  178  15:04  Liberator  
  184  15:12  Liberator  
  184  15:14  Command Center  
  187  15:15  Missile Turret  
  187  15:17  Missile Turret  
  189  15:21  Marauder x2  
  189  15:22  Marauder, Missile Turret, Marine  
  189  15:28  Advanced Ballistics  
  194  15:41  Liberator  
  196  15:45  Liberator  
  199  15:50  Terran Infantry Weapons Level 3, Barracks  
  199  15:52  Barracks x2  
  199  16:19  Missile Turret  
  199  16:21  Command Center  
  198  16:37  Ghost  
  198  16:38  Ghost x2  
  196  16:45  Liberator  
  196  16:46  Liberator x2  
  199  16:47  Barracks Tech Lab  
  199  16:48  Barracks Reactor, Barracks Tech Lab  
  199  16:51  Marine x3  
  199  16:52  Marine  
  198  17:06  Marine  
  199  17:10  Ghost  
  199  17:17  Missile Turret x2  
  199  17:18  Missile Turret  
  199  17:21  Planetary Fortress  
  184  17:40  Marauder x3, Marine x2  
  152  17:46  Ghost  
  149  17:58  Marauder  
  149  18:03  SCV  
  150  18:08  SCV x2  
  150  18:10  SCV  
Tags
 
Add a new tag
Caveats
  • Supply blocks, unpowered buildings, or Contaminate may cause inaccurate times.
  • Supply counts are checked every 10 seconds.